 Dungeon Crawl Stone Soup version 0.17.0-22-g5edae84 (console) character file.

65 gw the Slasher (level 4, -1/34 HPs)
             Began as a Human Gladiator on Nov 12, 2015.
             Was a Follower of Zin.
             Succumbed to a kobold's poison
             ... on level 3 of the Dungeon.
             The game lasted 00:02:04 (1832 turns).

gw the Slasher (Human Gladiator)                    Turns: 1832, Time: 00:02:04

Health: -1/34      AC:  7    Str: 15    XL:     4   Next: 35%
Magic:  4/4        EV: 12    Int:  9    God:    Zin [*.....]
Gold:   104        SH:  0    Dex: 14    Spells: 0 memorised, 3 levels left

rFire  . . .     SeeInvis .     a - +0 long sword
rCold  . . .     Clarity  .     i - +0 ring mail
rNeg   . . .     SustAt   .     (no shield)
rPois  .         Gourm    .     c - +0 helmet
rElec  .         Spirit   .     f - +0 cloak
rCorr  .         Warding  .     (no gloves)
rMut   .         Stasis   .     (no boots)
MR     .....                    (no amulet)
Stlth  +.........               (no ring)
                                (no ring)

@: lethally poisoned (-1 -> -22), not resistant to hostile enchantments, very
unstealthy
A: no striking features
a: Recite, Donate Gold, Renounce Religion


You were on level 3 of the Dungeon.
You worshipped Zin.
Zin was aware of your devotion.
You were not hungry.

You visited 1 branch of the dungeon, and saw 3 of its levels.

You collected 115 gold pieces.
You donated 11 gold pieces to Zin.

Inventory:

Hand Weapons
 a - a +0 long sword (weapon)
Missiles
 d - 3 throwing nets
 g - 52 stones (quivered)
 h - 42 bolts
Armour
 c - a +0 helmet (worn)
 f - a +0 cloak (worn)
 i - a +0 ring mail (worn)
Comestibles
 e - 3 bread rations


   Skills:
 + Level 2.6 Fighting
 * Level 4.2 Long Blades
 - Level 2.0 Throwing
 + Level 1.3 Armour
 - Level 3.0 Dodging


You had 3 spell levels left.
You didn't know any spells.

Dungeon Overview and Level Annotations

Branches:
Dungeon (3/15)

Altars:
Zin


Message History

Unknown command.
Unknown command.
ATTACK MOVE TO (-1,1)
You closely miss the kobold.
You feel sick. The kobold hits you but does no damage.
Unknown command.
Unknown command.
Unknown command.
Unknown command.
ATTACK MOVE TO (-1,1)
You closely miss the kobold.
You feel sick. The kobold hits you but does no damage.
Unknown command.
Unknown command.
Unknown command.
Unknown command.
ATTACK MOVE TO (-1,1)
You hit the kobold.
The kobold is severely wounded.
You die...

######..............#
..%........#.....##.#
..)........#.....# .#
...........#...(.# .#
...........#.....##.#
############....>(%(#
#.........##
#.......(.#
#......p%.#
#.....K...#
#.........#
#.....(...#
..........#
..........#
..#....#### ..#....


You could see a kobold.

Table legend:
 A = Turns spent in this place as a percentage of turns spent in the entire game.
 B = Non-inter-level travel turns spent in this place as a percentage of non-inter-level travel turns spent in the entire game.
 C = Inter-level travel turns spent in this place as a percentage of turns spent in this place.
 D = Turns resting spent in this place as a percentage of non-inter-level travel turns spent in this place.
 E = Turns spent auto-exploring this place as a percentage of non-inter-level travel turns spent in this place.
 F = Non-inter-level travel turns spent in this place divided by the number of levels of this place that you've seen.
                   A       B       C       D       E      F
               +-------+-------+-------+-------+-------+----------------------
         Total | 100.0 | 100.0 |   0.4 |   0.8 |   2.6 | 962.0
       Dungeon | 100.0 | 100.0 |   0.4 |   0.8 |   2.6 | 962.0
               +-------+-------+-------+-------+-------+----------------------

Table legend:
 A = Kills in this place as a percentage of kills in entire the game.
 B = Kills by you in this place as a percentage of kills by you in the entire game.
 C = Kills by friends in this place as a percentage of kills by friends in the entire game.
 D = Other kills in this place as a percentage of other kills in the entire game.
 E = Experience gained in this place as a percentage of experience gained in the entire game.
 F = Experience gained in this place divided by the number of levels of this place that you have seen.
                   A       B       C       D       E      F
               +-------+-------+-------+-------+-------+----------------------
         Total | 100.0 | 100.0 |  -nan |  -nan | 100.0 |  31.3
       Dungeon | 100.0 | 100.0 |  -nan |  -nan | 100.0 |  31.3
               +-------+-------+-------+-------+-------+----------------------

Vanquished Creatures
  An adder (D:2)
  2 oozes (D:2)
  A giant gecko (D:3)
  4 bats
  4 giant cockroaches
  7 goblins
  5 hobgoblins
  2 jackals (D:3)
  A ball python (D:1)
  3 giant newts
  7 kobolds
  10 rats
47 creatures vanquished.

Notes
Turn   | Place    | Note
--------------------------------------------------------------
     0 | D:1      | gw the Human Gladiator began the quest for the Orb.
     0 | D:1      | Reached XP level 1. HP: 16/16 MP: 1/1
   135 | D:1      | Reached XP level 2. HP: 22/22 MP: 2/2
   836 | D:2      | Reached XP level 3. HP: 28/28 MP: 3/3
   887 | D:2      | Reached skill level 1 in Armour
  1340 | D:2      | Reached skill level 4 in Long Blades
  1505 | D:2      | Reached XP level 4. HP: 30/34 MP: 4/4
  1603 | D:2      | Found a glowing silver altar of Zin.
  1607 | D:2      | Became a worshipper of Zin the Law-Giver
  1607 | D:2      | Reached * piety under Zin
  1831 | D:3      | HP: 1/34 [poisoned by a kobold]
  1832 | D:3      | Succumbed to a kobold's poison

Action                   |  1- 3 |  4- 6 || total
-------------------------+-------+-------++-------
Melee: Long sword        |    90 |    38 ||   128
Throw: Stone             |    81 |     7 ||    88
  Eat: Chunk             |     2 |     1 ||     3

Vault maps used:
D:1:      elethiomel_arrival_shortcut
D:2:      marbit_many_paths, first_bread
D:3:      grunt_temple_overflow_forces_of_nature, cheibriados_altar_wand_db,
          uniq_natasha
